 Dungeon Crawl Stone Soup version 0.29.1-13-g9f3cf754e1 (webtiles) character file.

Game seed: 12254170951042032841

28 croobank the Sneak (level 3, -3/26 HPs)
             Began as an Octopode Delver on Jan 21, 2023.
             Killed from afar by an orc wizard (11 damage)
             ... with a puff of flame
             ... on level 6 of the Dungeon.
             The game lasted 00:00:22 (41 turns).

croobank the Sneak (Octopode Delver)                  Turns: 41, Time: 00:00:22

Health: -3/26      AC:  1    Str: 11    XL:     3   Next: 14%
Magic:  3/3        EV: 13    Int: 14    God:
Gold:   15         SH:  0    Dex: 13    Spells: 2/2 levels left

rFire   . . .      SeeInvis .   a - +0 hand axe
rCold   . . .      Faith    .   (no shield)
rNeg    . . .      Spirit   .   (helmet restricted)
rPois   .          Reflect  .   (no amulet)
rElec   .          Harm     .   (no ring)
rCorr   .          Rampage  .   (no ring)
Will    .....                   (no ring)
Stlth   ++........              (no ring)
HPRegen 0.08/turn               (no ring)
MPRegen 0.08/turn               (no ring)
                                (no ring)
                                (no ring)

@: confused
A: almost no armour, amphibious, 8 rings, camouflage 1, gelatinous body 1,
(nimble swimmer 1), tentacles
a: no special abilities


You were on level 6 of the Dungeon.
You visited 1 branch of the dungeon, and saw 2 of its levels.

You collected 15 gold pieces.

Inventory:

Hand Weapons
 a - a +0 hand axe (weapon)
Wands
 f - a wand of digging (3)
Scrolls
 b - a scroll of fog
 c - a scroll of magic mapping
 d - a scroll of fear
Potions
 e - a potion of haste
 g - 2 potions of degeneration {unknown}


   Skills:
 + Level 3.3 Fighting
 + Level 2.4 Axes
 + Level 2.4 Dodging
 + Level 6.9 Stealth


You had 2 spell levels left.
You didn't know any spells.
Your spell library was empty.

Dungeon Overview and Level Annotations

Branches:
Dungeon (6/15)
 Temple: D:4-7

Altars:


Innate Abilities, Weirdness & Mutations

You cannot wear most types of armour.
You are amphibious.
You can wear up to eight rings at the same time.
Your skin changes colour to match your surroundings (Stealth+).
Your rubbery body absorbs attacks. (AC +1, EV +1)
((You are camouflaged when in or above water. (Stealth+)))
You have tentacles for arms and can constrict up to eight enemies at once.


Message History

The orc wizard is almost dead.
You constrict the orc wizard.
You kill the orc wizard!
You have reached level 2!
You have reached level 3!
Your experience leads to an increase in your attributes!
Increase (S)trength, (I)ntelligence, or (D)exterity?
You feel clever. x2
You slash the orc!
You kill the orc!
You hit the orc. You grab the orc.
Your tentacle-slap misses the orc.
The orc is almost dead.
You constrict the orc.
You kill the orc!
The orc wizard points at you and mumbles some strange words.
You resist with significant effort.
You miss the orc wizard. Your grab misses the orc wizard.
The orc wizard hits you with a +0 dagger.
You closely miss the orc wizard. Your grab misses the orc wizard.
The orc wizard gestures wildly while chanting.
The orc wizard flickers and vanishes!
Deactivating autopickup; reactivate with Ctrl-A.
You barely miss something. You tentacle-slap something.
Something barely misses you.
You barely miss something. Your squeeze misses something. Something hits you.
You miss something. Something hits you.
You closely miss something. Your squeeze misses something.
Something hits you. x2
You barely miss something. Something hits you but does no damage.
You closely miss something. Your squeeze misses something.
You hear some strange, mumbled words.
You are confused.
You hit something. Your squeeze misses something.
You hear some strange, mumbled words.
A puff of flame appears from out of thin air!
The puff of flame hits you.
You completely miss something.
You hear some strange, mumbled words.
A puff of flame appears from out of thin air!
The puff of flame hits you!
You die...

##### ###
......#<#
#.{@#
#####


There were no monsters in sight!

Vanquished Creatures
  An orc wizard (D:6)
  2 orcs (D:6)
3 creatures vanquished.

Notes
Turn   | Place    | Note
-------+----------+-------------------------------------------
     0 | D:5      | croobank the Octopode Delver began the quest for the Orb.
     0 | D:5      | Reached XP level 1. HP: 16/16 MP: 1/1
    25 | D:6      | Noticed an orc wizard
    25 | D:6      | Noticed an orc wizard
    29 | D:6      | Killed an orc wizard
    30 | D:6      | Reached XP level 2. HP: 20/21 MP: 2/2
    30 | D:6      | Reached XP level 3. HP: 25/26 MP: 3/3
    41 | D:6      | Killed from afar by an orc wizard

Illustrated notes

Levels and vault maps discovered:
D:5:      layout_gridville, nicolae_overflow_crystal_walls,
          amcnicky_altar_gilded, kennysheep_mini, serial_shops,
          nicolae_shop_advertising_works [nicolae_subvault_shop_adworks]
D:6:      layout_basic, nicolae_kikubaaqudgha_miasma_corner,
          mainiacjoe_overflow_paths, serial_shops,
          nicolae_shop_overgrown_old_shop, uniq_grinder

Action                   || total
-------------------------++-------
Melee: Hand axe          ||    16
       Constrict         ||     2
       Tentacles         ||     1
       Punch             ||     1
Armor: Skin              ||     1
Dodge: Dodged            ||     2
